 Dungeon Crawl Stone Soup version 0.29.1-15-g9cfb28693d (webtiles) character file.

Game seed: 14718368785850194425

272 safid the Chiller (level 6, -5/47 HPs)
             Began as a Merfolk Ice Elementalist on Mar 16, 2023.
             Slain by Menkaure (16 damage)
             ... on level 4 of the Dungeon.
             The game lasted 00:05:46 (3322 turns).

safid the Chiller (Merfolk Ice Elementalist)        Turns: 3322, Time: 00:05:47

Health: -5/47      AC: 10    Str:  9    XL:     6   Next: 23%
Magic:  2/11       EV: 13    Int: 19    God:
Gold:   149        SH:  0    Dex: 18    Spells: 5/12 levels left

rFire   . . .      SeeInvis .   u - +8 morningstar of Departure {vorpal, Int+3 Dex+4}
rCold   . . .      Faith    .   (no shield)
rNeg    . . .      Spirit   .   a - +0 robe
rPois   .          Reflect  .   (no helmet)
rElec   .          Harm     .   g - +0 cloak
rCorr   .          Rampage  .   (no gloves)
Will    .....                   q - +0 pair of boots
Stlth   ++........              n - amulet of the acrobat
HPRegen 0.15/turn               (no ring)
MPRegen 0.12/turn               (no ring)

@: lethally poisoned (-5 -> -10), ice-armoured, freezing walls
A: (nimble swimmer 2), mertail
a: no special abilities


You were on level 4 of the Dungeon.
You visited 1 branch of the dungeon, and saw 4 of its levels.

You collected 149 gold pieces.

Inventory:

Hand Weapons
 d - a +0 dagger
 u - the +8 morningstar of Departure (weapon) {vorpal, Int+3 Dex+4}
   (You found it on level 3 of the Dungeon)

   It inflicts extra damage upon your enemies.
   Int:       It affects your intelligence (+3).
   Dex:       It affects your dexterity (+4).
Armour
 a - a +0 robe (worn)
 g - a +0 cloak (worn)
 q - a +0 pair of boots (worn)
Jewellery
 n - an amulet of the acrobat (around neck)
Wands
 v - a wand of flame (24)
Scrolls
 h - 2 scrolls of identify {unknown}
 m - a scroll of fear {unknown}
 o - a scroll of blinking {unknown}
 r - 2 scrolls of teleportation {unknown}
 t - a scroll of magic mapping {unknown}
 w - 2 scrolls of butterflies {unknown}
 x - 4 scrolls of vulnerability {unknown}
Potions
 b - 2 potions of magic
 c - a potion of might {unknown}
 e - 3 potions of flight {unknown}
 f - 3 potions of attraction {unknown}
 i - a potion of haste {unknown}
 j - a potion of resistance {unknown}
 k - 2 potions of curing {unknown}
 l - 2 potions of degeneration {unknown}
 p - 2 potions of mutation {unknown}
 s - a potion of ambrosia {unknown}


   Skills:
 + Level 3.5 Fighting
 - Level 2.6 Dodging
 - Level 2.1 Stealth
 + Level 3.6 Spellcasting
 + Level 5.8 Ice Magic


You had 5 spell levels left.
You knew the following spells:

 Your Spells              Type           Power      Damage    Failure   Level
a - Freeze                Ice            100%       1d11      1%          1
b - Frozen Ramparts       Ice            50%        1d8       3%          3
c - Ozocubu's Armour      Ice            25%        N/A       3%          3

Your spell library contained the following spells:

 Spells                   Type           Power      Damage    Failure   Level
 Hailstorm                Conj/Ice       14%        3d5       38%         4
 Inner Flame              Hex/Fire       3%         N/A       41%         3
 Cause Fear               Hex            1%         N/A       82%         4
 Discord                  Hex            1%         N/A       100%        8


Dungeon Overview and Level Annotations

Branches:
Dungeon (4/15)             Temple (0/1) D:4

Altars:
Ashenzari

Annotations:
D:4 Grinder, Menkaure


Innate Abilities, Weirdness & Mutations

((You are very nimble when in or above water. (Stealth+, EV+, Speed+++)))
Your lower body shifts to a powerful aquatic tail in water.


Message History

Menkaure barely misses you.
The scorpion stings you but does no damage.
Menkaure mumbles some strange words.
Menkaure seems to speed up.
Casting: Ozocubu's Armour (dangerous; 4% risk of failure)
Confirm with . or Enter, or press ? or * to list all spells.
Casting: Frozen Ramparts (dangerous; 4% risk of failure)
Press: ? - help, Dir - look around, f - activate The walls around you are covered in ice.
The wall freezes the scorpion but does no damage.
The scorpion stings you but does no damage.
Menkaure resists.
The wall freezes Menkaure.
Menkaure murmurs, "Let me perform the rites..."
Menkaure completely misses you.
Unknown command.
You closely miss the scorpion.
The scorpion is heavily wounded.
The wall freezes the scorpion.
The scorpion stings you.
You are poisoned.
The scorpion poisons you!
Menkaure completely resists.
The wall freezes Menkaure but does no damage.
Menkaure hits you.
The wall freezes the scorpion.
The scorpion stings you but does no damage.
Menkaure resists.
The wall freezes Menkaure.
Menkaure barely misses you.
You sock the scorpion!
You kill the scorpion!
You feel very sick.
The wall freezes Menkaure but does no damage.
Menkaure hits you.
You have reached level 6!
Unknown command.
You hit Menkaure.
Menkaure is severely damaged.
You feel very sick.
Menkaure resists.
The wall freezes Menkaure.
Menkaure hits you!
* * * LOW HITPOINT WARNING * * *
Menkaure completely resists.
The wall freezes Menkaure but does no damage.
Menkaure hits you!
You die...

...#......#
#........# ....
##.......# ....
##......# .....
###.....[###......$
#.............8>8..
...####..#####......
### #...##).......
##...@M.......
##...########
........# .....##..#
...... #...# ......
##..# ...... ..#
...... ...


You could see Menkaure (fast).

Vanquished Creatures
  A sky beast (D:3)
  A scorpion (D:4)
  A gnoll (D:1)
  6 adders
  An ufetubus (D:4)
  A worm (D:2)
  A dart slug (D:2)
  An orc (D:4)
  5 bats
  2 endoplasms (D:1)
  3 giant cockroaches
  5 goblins
  8 hobgoblins
  3 kobolds
  2 quokkas
  9 ball pythons
  3 frilled lizards
  3 rats
56 creatures vanquished.

Notes
Turn   | Place    | Note
-------+----------+-------------------------------------------
     0 | D:1      | safid the Merfolk Ice Elementalist began the quest for the
                  | Orb.
     0 | D:1      | Reached XP level 1. HP: 13/13 MP: 3/3
   168 | D:1      | Reached XP level 2. HP: 5/20 MP: 1/5
   504 | D:1      | Reached skill level 1 in Fighting
   983 | D:1      | Reached XP level 3. HP: 14/26 MP: 2/6
  1224 | D:2      | Learned a level 3 spell: Frozen Ramparts
  1228 | D:2      | Learned a level 3 spell: Ozocubu's Armour
  1546 | D:2      | Reached skill level 5 in Ice Magic
  1692 | D:2      | Reached XP level 4. HP: 33/33 MP: 6/8
  2287 | D:3      | Found a faded altar of an unknown god.
  2492 | D:3      | Identified the +8 morningstar of Departure {vorpal, Int+3
                  | Dex+4}
  2613 | D:3      | Reached XP level 5. HP: 39/39 MP: 7/9
  2754 | D:3      | Noticed a sky beast
  2762 | D:3      | Killed a sky beast
  2819 | D:3      | Found a broken altar of Ashenzari.
  3231 | D:4      | Noticed Grinder
  3307 | D:4      | Found a staircase to the Ecumenical Temple.
  3309 | D:4      | Noticed Menkaure
  3322 | D:4      | Reached XP level 6. HP: 25/47 MP: 2/11
  3322 | D:4      | Slain by Menkaure

Illustrated notes

Levels and vault maps discovered:
D:1:      lemuel_arrival_rhombus, layout_basic, minmay_pentomino_t4
D:2:      layout_loops_ring
D:3:      minmay_general_purpose_star, layout_loops_corners,
          nicolae_ashenzari_skybound, chequers_ecumenical_altar_simple_redux,
          minmay_misc_feat_rugged
D:4:      layout_rooms, grunt_temple_overflow_champion_of_chaos,
          mainiacjoe_overflow_24_doors, temple_statues, uniq_menkaure,
          uniq_grinder

Skill      XL: |  1  2  3  4  5 |
---------------+----------------+-----
Fighting       | 1 2 3 |  3.5
Ice Magic      | 5 |  5.8
Spellcasting   | 3 |  3.6
Dodging        | |  2.6
Stealth        | |  2.1

Action                   |  1- 3 |  4- 6 || total
-------------------------+-------+-------++-------
Melee: Dagger            |    20 |     7 ||    27
       Punch             |     1 |       ||     1
       Morningstar       |       |    10 ||    10
 Cast: Freeze            |    44 |    18 ||    62
       Frozen Ramparts   |       |     3 ||     3
       Ozocubu's Armour  |       |     2 ||     2
 Stab: Sleeping          |     3 |     3 ||     6
Armor: Robe              |    10 |     7 ||    17
Dodge: Dodged            |    34 |    29 ||    63
